Patriotes vs Scraper (R1)

Created - 18 février 2015 at 19:00

Goals
1 2 3 T
Patriotes 2 0 2 4
Scraper 0 2 0 2
Shots
1 2 3 T
Patriotes 15 12 13 40
Scraper 3 15 5 23

1st period

1. Patriotes , Tomas Kurka 15 (Andreas Nodl, Zenon Konopka) at 5:24
2. Patriotes , Fedor Fedorov 27 (Andrew Gordon) at 17:43 (SH)

Penalties :
Eric Knodel (Out) for Hooking (Minor) at 8:28, Dwight King (Nyc) for Slashing (Minor) at 16:54

2nd period

3. Scraper , Riley Armstrong 19 (Ben Eager, Denis Shvidki) at 1:25
4. Scraper , Daniel Winnik 20 (Eric Godard, Brendan Smith) at 9:33 (PP)

Penalties :
Marcus Foligno (Out) for Holding (Minor) at 2:48, Andrew Gordon (Nyc) for Holding (Minor) at 9:03, Riley Armstrong (Out) for Hooking (Minor) at 10:22, Zenon Konopka (Nyc) for Holding (Minor) at 10:45, Valeri Bure (Out) for Holding (Minor) at 11:56, Timothy Kunes (Nyc) for Hooking (Minor) at 17:36, Ben Eager (Out) for Hooking (Minor) at 17:51

3rd period

5. Patriotes , Zenon Konopka 29 (Tomas Kurka, A.J Thelen) at 14:03
6. Patriotes , Ryan Wilson 9 (Andreas Nodl, Zenon Konopka) at 19:03 (PP)

Penalties :
Andrew Gordon (Nyc) for Goalie Interference (Minor) at 4:33, Cameron Gaunce (Out) for Hooking (Minor) at 7:08, Rick Schofield (Out) for Slashing (Minor) at 10:20, Valeri Bure (Out) for Interference (Minor) at 15:05, Denis Shvidki (Out) for Tripping (Minor) at 15:45, Ben Eager (Out) for Tripping (Minor) at 18:17, Lauri Tukonen (Nyc) for Interference (Minor) at 19:34

Goalie Stats

Joey MacDonald (Nyc), 21 saves from 23 shots - (0,913), W, 27-18-3, 60:00 minutes
Maxime Ouellet (Out), 36 saves from 40 shots - (0,900), L, 13-8-2, 60:00 minutes

Players Stats for Patriotes

Player Name              G  A  P  +/- PIM S  H  SB GA TA FO     MP     PP MP  PK MP  
------------------------------------------------------------------------------------
A.J Thelen               0  1  1   3  0   2  3  2  1  0  0/0    30:42   6:08   2:44 
Andreas Nodl             0  2  2   2  0   5  0  0  0  0  1/3    24:49   7:15   3:38 
Andrew Gordon            0  1  1   1  4   1  1  1  2  1  1/3    17:20   5:42   0:29 
Brett Skinner            0  0  0   3  0   3  2  0  0  1  0/0    29:05   5:57   2:44 
Christian Hanson         0  0  0   0  0   2  0  0  0  0  3/4    10:18   0:21   0:27 
Cory Emmerton            0  0  0   0  0   1  1  0  0  0  7/13   15:42   5:42   0:00 
Dwight King              0  0  0   0  2   3  1  0  1  0  0/0     9:16   0:00   0:34 
Fedor Fedorov            1  0  1   1  0   2  1  0  0  1  0/1    18:09   5:42   1:17 
Jared Staal              0  0  0  -1  0   0  0  0  0  0  0/0     7:50   0:12   0:00 
Joe Charlebois           0  0  0  -1  0   2  1  0  0  0  0/0    22:30   7:02   2:24 
Lauri Tukonen            0  0  0   0  2   1  2  1  0  0  0/0     9:31   0:21   0:00 
Liam Reddox              0  0  0  -1  0   1  1  1  0  0  0/0     7:41   0:00   0:13 
Nigel Williams           0  0  0   0  0   0  0  0  0  0  0/0     8:18   0:00   0:00 
Ryan White               0  0  0  -1  0   3  1  1  0  0  1/6     7:28   0:00   0:00 
Ryan Wilson              1  0  1  -1  0   6  3  2  0  0  0/0    23:00   7:02   2:24 
Timothy Kunes            0  0  0   0  2   0  0  0  1  0  0/0     6:24   0:11   0:00 
Tomas Kurka              1  1  2   2  0   6  4  1  3  0  4/12   24:38   7:07   3:38 
Zenon Konopka            1  2  3   2  2   2  3  0  0  0  13/23  18:22   7:07   0:00 

Players Stats for Scraper

Player Name              G  A  P  +/- PIM S  H  SB GA TA FO     MP     PP MP  PK MP  
------------------------------------------------------------------------------------
Ben Eager                0  1  1   0  4   0  0  0  0  0  0/1    16:43   3:01   1:29 
Brayden Schenn           0  0  0  -1  0   0  1  0  0  0  2/3    10:41   0:11   1:02 
Brendan Smith            0  1  1  -2  0   1  1  1  1  1  0/0    29:10   3:31   9:04 
Cameron Gaunce           0  0  0   0  2   0  2  1  0  2  0/0     8:04   0:00   0:00 
Daniel Winnik            1  0  1   0  0   2  0  0  0  0  0/0    11:44   1:55   0:00 
Denis Shvidki            0  1  1   0  2   3  2  0  1  2  8/15   23:56   3:05   6:28 
Derek Joslin             0  0  0  -2  0   0  2  1  0  2  0/0    29:10   3:31   9:04 
Eric Godard              0  1  1   0  0   5  1  2  0  0  2/2    21:13   1:55   6:44 
Eric Gryba               0  0  0   0  0   0  1  1  0  0  0/0    19:33   1:37   4:31 
Eric Knodel              0  0  0   0  2   0  0  0  0  0  0/0     3:14   0:00   0:00 
Evander Kane             0  0  0  -1  0   1  0  0  0  0  0/0     9:54   0:11   0:04 
Ilkka Heikkinen          0  0  0   0  0   2  0  1  1  0  0/0    19:33   1:37   4:31 
Jared Cowen              0  0  0   0  0   0  0  2  0  0  0/0     8:05   0:00   0:00 
Jerome Samson            0  0  0   0  0   0  0  0  0  0  0/0     0:00   0:00   0:00 
Joe Finley               0  0  0   0  0   0  0  0  0  0  0/0     3:12   0:00   0:00 
Marcus Foligno           0  0  0  -1  2   0  0  0  0  0  1/1     6:38   0:00   0:00 
Reilly Smith             0  0  0  -1  0   1  1  0  0  0  1/2     9:33   0:00   2:53 
Rick Schofield           0  0  0   0  2   0  0  0  0  0  3/5    11:47   1:55   0:00 
Riley Armstrong          1  0  1   0  2   4  2  0  0  0  17/33  19:07   3:10   3:27 
Riley Nash               0  0  0   0  0   0  0  0  0  0  0/0     0:00   0:00   0:00 
Roman Horak              0  0  0   0  0   0  0  0  0  0  0/0     0:44   0:00   0:22 
Ryan O'Reilly            0  0  0  -1  0   3  1  0  0  0  0/2     6:33   0:00   0:00 
Valeri Bure              0  0  0  -1  4   1  0  0  0  1  1/1    12:38   0:00   2:56 

3 Stars

1 - Tomas Kurka (Nyc)
2 - Zenon Konopka (Nyc)
3 - A.J Thelen (Nyc)

Power Play

Patriotes - 1 on 11 Attempt(s) - 9,09%
Scraper - 1 on 6 Attempt(s) - 16,67%

Penalty Kill

Patriotes - 5 on 6 Attempt(s) - 83,33% - Score 1 goal in Penalty Kill
Scraper - 10 on 11 Attempt(s) - 90,91% - Score 0 goal in Penalty Kill

Team Stat

Patriotes - Hits : 24 - Faceoff Wins : 30 - Blocked Shots : 9 - Penalty Minutes : 12
Scraper - Hits : 14 - Faceoff Wins : 35 - Blocked Shots : 9 - Penalty Minutes : 20

Official

Referees : Ciamaga Chris and McCreary Bill
Linesman : Steve Miller and Andy McElman

Game Notes

Timothy Kunes is injured at 2:46 of 3rd period (Fractured Right Foot)
12:42 of 3rd period - Penalty Shot by Denis Shvidki for Scraper - Stopped by Joey MacDonald

Finance

Level 1 -- Attendance: 1457 (72,85%) -- Ticket Income 58 280 $
Level 2 -- Attendance: 807 (80,70%) -- Ticket Income 16 140 $
Total Attendance: 2264 (75,47%)
Total Ticket Income: 74 420 $
Other Income: 3 721 $
Total Income: 78 141 $

Patriotes

5 vs 5 Forward 
   Center                   Left Wing                Right Wing               Time % Phy DF OF 
 1 Zenon Konopka            Tomas Kurka              Andreas Nodl             40     1   2  2  
 2 Cory Emmerton            Fedor Fedorov            Andrew Gordon            30     1   2  2  
 3 Christian Hanson         Dwight King              Lauri Tukonen            20     1   2  2  
 4 Ryan White               Liam Reddox              Jared Staal              10     1   2  2  

5 vs 5 Defense 
   Defense                  Defense                                           Time % Phy DF OF 
 1 A.J Thelen               Brett Skinner                                     40     1   2  2  
 2 Ryan Wilson              Joe Charlebois                                    30     1   2  2  
 3 Timothy Kunes            Nigel Williams                                    20     1   2  2  
 4 A.J Thelen               Brett Skinner                                     10     1   2  2  

PowerPlay Forward 
   Center                   Left Wing                Right Wing               Time % Phy DF OF 
 1 Zenon Konopka            Tomas Kurka              Andreas Nodl             60     1   2  2  
 2 Cory Emmerton            Fedor Fedorov            Andrew Gordon            40     1   2  2  

PowerPlay Defense
   Defense                  Defense                                           Time % Phy DF OF 
 1 A.J Thelen               Brett Skinner                                     60     1   2  2  
 2 Ryan Wilson              Joe Charlebois                                    40     1   2  2  

Penalty Kill 4 Players Forward 
   Center                   Wing                     Time % Phy DF OF 
 1 Tomas Kurka              Andreas Nodl             60     1   2  2  
 2 Andrew Gordon            Fedor Fedorov            40     1   2  2  

Penalty Kill 4 Players Defense
   Defense                  Defense                  Time % Phy DF OF 
 1 A.J Thelen               Brett Skinner            60     1   2  2  
 2 Ryan Wilson              Joe Charlebois           40     1   2  2  

Penalty Kill - 3 Players Forward 
   Forward                                           Time % Phy DF OF 
 1 Tomas Kurka                                       60     1   2  2  
 2 Andreas Nodl                                      40     1   2  2  

Penalty Kill - 3 Players Defense
   Defense                  Defense                  Time % Phy DF OF 
 1 A.J Thelen               Brett Skinner            60     1   2  2  
 2 Ryan Wilson              Joe Charlebois           40     1   2  2  

4 vs 4 Forward 
   Center                   Wing                     Time % Phy DF OF 
 1 Tomas Kurka              Andreas Nodl             60     1   2  2  
 2 Andrew Gordon            Fedor Fedorov            40     1   2  2  

4 vs 4 Defense
   Defense                  Defense                  Time % Phy DF OF 
 1 A.J Thelen               Brett Skinner            60     1   2  2  
 2 Ryan Wilson              Joe Charlebois           40     1   2  2  

Last Minutes Offensive
   Center                   Left Wing                Right Wing               Defense                  Defense                  
   Zenon Konopka            Tomas Kurka              Andreas Nodl             A.J Thelen               Brett Skinner            

Last Minutes Defensive
   Center                   Left Wing                Right Wing               Defense                  Defense                  
   Zenon Konopka            Tomas Kurka              Andreas Nodl             A.J Thelen               Brett Skinner            

Goaltenders
Starting : Joey MacDonald           
Backup : Jason Missiaen           

Extra Forwards
Normal : Christian Hanson, Lauri Tukonen, Dwight King - PP : Christian Hanson, Lauri Tukonen - PK : Dwight King
Extra Defensemen
Normal : Timothy Kunes, Nigel Williams, Ryan Wilson - PP : Timothy Kunes - PK : Nigel Williams, Ryan Wilson
Penalty Shots
Tomas Kurka, Andreas Nodl, Andrew Gordon, Fedor Fedorov, Zenon Konopka

Scraper

5 vs 5 Forward 
   Center                   Left Wing                Right Wing               Time % Phy DF OF 
 1 Riley Armstrong          Ben Eager                Denis Shvidki            40     1   2  2  
 2 Rick Schofield           Daniel Winnik            Eric Godard              30     1   2  2  
 3 Brayden Schenn           Evander Kane             Valeri Bure              20     1   2  2  
 4 Ryan O'Reilly            Marcus Foligno           Reilly Smith             10     1   2  2  

5 vs 5 Defense 
   Defense                  Defense                                           Time % Phy DF OF 
 1 Brendan Smith            Derek Joslin                                      40     1   2  2  
 2 Ilkka Heikkinen          Eric Gryba                                        30     1   2  2  
 3 Jared Cowen              Cameron Gaunce                                    20     1   2  2  
 4 Joe Finley               Eric Knodel                                       10     1   2  2  

PowerPlay Forward 
   Center                   Left Wing                Right Wing               Time % Phy DF OF 
 1 Riley Armstrong          Ben Eager                Denis Shvidki            60     1   2  2  
 2 Rick Schofield           Daniel Winnik            Eric Godard              40     1   2  2  

PowerPlay Defense
   Defense                  Defense                                           Time % Phy DF OF 
 1 Brendan Smith            Derek Joslin                                      60     1   2  2  
 2 Ilkka Heikkinen          Eric Gryba                                        40     1   2  2  

Penalty Kill 4 Players Forward 
   Center                   Wing                     Time % Phy DF OF 
 1 Denis Shvidki            Eric Godard              60     1   2  2  
 2 Riley Armstrong          Valeri Bure              40     1   2  2  

Penalty Kill 4 Players Defense
   Defense                  Defense                  Time % Phy DF OF 
 1 Brendan Smith            Derek Joslin             60     1   2  2  
 2 Ilkka Heikkinen          Eric Gryba               40     1   2  2  

Penalty Kill - 3 Players Forward 
   Forward                                           Time % Phy DF OF 
 1 Denis Shvidki                                     60     1   2  2  
 2 Eric Godard                                       40     1   2  2  

Penalty Kill - 3 Players Defense
   Defense                  Defense                  Time % Phy DF OF 
 1 Brendan Smith            Derek Joslin             60     1   2  2  
 2 Ilkka Heikkinen          Eric Gryba               40     1   2  2  

4 vs 4 Forward 
   Center                   Wing                     Time % Phy DF OF 
 1 Denis Shvidki            Eric Godard              60     1   2  2  
 2 Riley Armstrong          Valeri Bure              40     1   2  2  

4 vs 4 Defense
   Defense                  Defense                  Time % Phy DF OF 
 1 Brendan Smith            Derek Joslin             60     1   2  2  
 2 Ilkka Heikkinen          Eric Gryba               40     1   2  2  

Last Minutes Offensive
   Center                   Left Wing                Right Wing               Defense                  Defense                  
   Riley Armstrong          Ben Eager                Denis Shvidki            Brendan Smith            Derek Joslin             

Last Minutes Defensive
   Center                   Left Wing                Right Wing               Defense                  Defense                  
   Riley Armstrong          Ben Eager                Denis Shvidki            Brendan Smith            Derek Joslin             

Goaltenders
Starting : Maxime Ouellet           
Backup : Peter Mannino            

Extra Forwards
Normal : Evander Kane, Brayden Schenn, Reilly Smith - PP : Evander Kane, Brayden Schenn - PK : Reilly Smith
Extra Defensemen
Normal : Jared Cowen, Cameron Gaunce, Joe Finley - PP : Jared Cowen - PK : Cameron Gaunce, Joe Finley
Penalty Shots
Denis Shvidki, Eric Godard, Riley Armstrong, Valeri Bure, Ben Eager

% Time on Ice - Patriotes

Lines # - Real PCT - Wanted PCT - Time Play
Normal Forward
1 - 32% - 40% - 12:18
2 - 26% - 30% - 10:00
3 - 22% - 20% - 8:13
4 - 20% - 10% - 7:28
Normal Defense
1 - 43% - 40% - 16:14
2 - 31% - 30% - 11:53
3 - 22% - 20% - 8:18
4 - 4% - 10% - 1:34
PP Forward
1 - 57% - 60% - 7:28
2 - 43% - 40% - 5:42
PP Defense
1 - 47% - 60% - 6:08
2 - 53% - 40% - 7:02
PK Forward
1 - 82% - 60% - 4:13
2 - 18% - 40% - 0:55
PK Defense
1 - 53% - 60% - 2:44
2 - 47% - 40% - 2:24
PK3 Forward
1 - 0% - 60%
2 - 0% - 40%
PK3 Defense
1 - 0% - 60%
2 - 0% - 40%
44 Forward
1 - 77% - 60% - 2:52
2 - 23% - 40% - 0:51
44 Defense
1 - 71% - 60% - 2:38
2 - 29% - 40% - 1:05
Last Minute Offensive  - 0:00
Last Minute Defensive  - 0:00
Total
Forward - 60:00
Defense - 60:00

% Time on Ice - Scraper

Lines # - Real PCT - Wanted PCT - Time Play
Normal Forward
1 - 34% - 40% - 12:45
2 - 26% - 30% - 9:55
3 - 23% - 20% - 8:46
4 - 17% - 10% - 6:33
Normal Defense
1 - 38% - 40% - 14:29
2 - 32% - 30% - 12:13
3 - 21% - 20% - 8:05
4 - 8% - 10% - 3:12
PP Forward
1 - 63% - 60% - 3:13
2 - 37% - 40% - 1:55
PP Defense
1 - 69% - 60% - 3:31
2 - 31% - 40% - 1:37
PK Forward
1 - 71% - 60% - 8:24
2 - 29% - 40% - 3:27
PK Defense
1 - 67% - 60% - 7:53
2 - 33% - 40% - 3:58
PK3 Forward
1 - 100% - 60% - 1:44
2 - 0% - 40% - 0:00
PK3 Defense
1 - 68% - 60% - 1:11
2 - 32% - 40% - 0:33
44 Forward
1 - 80% - 60% - 2:39
2 - 20% - 40% - 0:39
44 Defense
1 - 64% - 60% - 2:06
2 - 36% - 40% - 1:12
Last Minute Offensive  - 0:00
Last Minute Defensive  - 0:00
Total
Forward - 60:00
Defense - 60:00

Play by Play

1st period


0:01 of 1st period - Denis Shvidki wins face-off versus Zenon Konopka in neutral zone.
0:13 of 1st period - Wrist shot by Zenon Konopka.
0:13 of 1st period - Shot Misses the Net.
0:15 of 1st period - Wrist shot by Zenon Konopka.
0:15 of 1st period - Shot Misses the Net.
1:10 of 1st period - Slapshot by Brett Skinner.
1:10 of 1st period - Stopped by Maxime Ouellet without a rebound.
1:11 of 1st period - Riley Armstrong wins face-off versus Ryan White in Scraper zone.
1:18 of 1st period - Snap shot by Liam Reddox.
1:18 of 1st period - Stopped by Maxime Ouellet with a rebound.
1:20 of 1st period - Slapshot by Ryan Wilson.
1:20 of 1st period - Stopped by Maxime Ouellet with a rebound.
1:26 of 1st period - Slapshot by Ryan Wilson.
1:26 of 1st period - Deflect By Riley Armstrong.
1:26 of 1st period - Stopped by Maxime Ouellet with a rebound.
1:36 of 1st period - Joe Charlebois is hit by Eric Godard and loses puck.
2:27 of 1st period - Snap shot by Christian Hanson.
2:27 of 1st period - Deflect By Dwight King.
2:27 of 1st period - Stopped by Maxime Ouellet without a rebound.
2:28 of 1st period - Zenon Konopka wins face-off versus Riley Armstrong in Scraper zone.
2:43 of 1st period - Wrist shot by Zenon Konopka.
2:43 of 1st period - Shot Misses the Net.
2:59 of 1st period - Snap shot by Brendan Smith.
2:59 of 1st period - Stopped by Joey MacDonald with a rebound.
3:17 of 1st period - Wrist shot by Dwight King.
3:17 of 1st period - Stopped by Maxime Ouellet with a rebound.
4:16 of 1st period - Wrist shot by Eric Godard.
4:16 of 1st period - Deflect By Rick Schofield.
4:16 of 1st period - Shot Misses the Net.
4:16 of 1st period - Puck is out of play.
4:17 of 1st period - Rick Schofield wins face-off versus Cory Emmerton in Patriotes zone.
4:18 of 1st period - Wrist shot by Eric Godard.
4:18 of 1st period - Shot Blocked by Andrew Gordon.
4:28 of 1st period - Snap shot by Cory Emmerton.
4:28 of 1st period - Deflect By Andrew Gordon.
4:28 of 1st period - Stopped by Maxime Ouellet without a rebound.
4:29 of 1st period - Zenon Konopka wins face-off versus Riley Armstrong in Scraper zone.
4:38 of 1st period - Brendan Smith is hit by Tomas Kurka and loses puck.
5:10 of 1st period - Snap shot by Tomas Kurka.
5:10 of 1st period - Stopped by Maxime Ouellet with a rebound.
5:12 of 1st period - Snap shot by A.J Thelen.
5:12 of 1st period - Shot Misses the Net.
5:14 of 1st period - Slapshot by Zenon Konopka.
5:14 of 1st period - Shot Misses the Net.
5:24 of 1st period - Wrist shot by Tomas Kurka.
5:24 of 1st period - Goal by Tomas Kurka - Patriotes : 1 - Scraper : 0.
5:25 of 1st period - Cory Emmerton wins face-off versus Riley Armstrong in neutral zone.
5:51 of 1st period - Jared Cowen is hit by Liam Reddox and loses puck.
6:02 of 1st period - Snap shot by Ryan White.
6:02 of 1st period - Stopped by Maxime Ouellet without a rebound.
6:03 of 1st period - Cory Emmerton wins face-off versus Ryan O'Reilly in Scraper zone.
6:28 of 1st period - Ryan Wilson is hit by Denis Shvidki and loses puck.
7:28 of 1st period - Ryan White is hit by Reilly Smith and loses puck.
7:37 of 1st period - Snap shot by Ryan White.
7:37 of 1st period - Shot Misses the Net.
7:54 of 1st period - Ben Eager is hit by Zenon Konopka and loses puck.
8:13 of 1st period - Snap shot by Tomas Kurka.
8:13 of 1st period - Shot Misses the Net.
8:15 of 1st period - Slapshot by Brett Skinner.
8:15 of 1st period - Stopped by Maxime Ouellet with a rebound.
8:28 of 1st period - Minor Penalty to Eric Knodel for Hooking.
8:29 of 1st period - Zenon Konopka wins face-off versus Denis Shvidki in Scraper zone.
8:55 of 1st period - Eric Godard is hit by Cory Emmerton and loses puck.
9:14 of 1st period - Snap shot by Riley Armstrong.
9:14 of 1st period - Shot Misses the Net.
9:19 of 1st period - Off-side.
9:20 of 1st period - Riley Armstrong wins face-off versus Cory Emmerton in neutral zone.
9:53 of 1st period - Zenon Konopka is hit by Eric Gryba and loses puck.
10:28 of 1st period - Penalty to Eric Knodel is over, Eric Knodel is back on ice.
10:47 of 1st period - Brendan Smith is hit by Dwight King.
11:57 of 1st period - Slapshot by Eric Godard.
11:57 of 1st period - Stopped by Joey MacDonald with a rebound.
11:59 of 1st period - Slapshot by Eric Godard.
11:59 of 1st period - Shot Blocked by Lauri Tukonen.
12:01 of 1st period - Snap shot by Eric Godard.
12:01 of 1st period - Shot Blocked by Ryan Wilson.
12:11 of 1st period - Riley Armstrong is hit by Ryan Wilson and loses puck.
12:30 of 1st period - Derek Joslin is hit by Ryan White and loses puck.
12:39 of 1st period - Slapshot by Ryan White.
12:39 of 1st period - Stopped by Maxime Ouellet without a rebound.
12:40 of 1st period - Valeri Bure wins face-off versus Andrew Gordon in Scraper zone.
13:33 of 1st period - Snap shot by Lauri Tukonen.
13:33 of 1st period - Deflect By Christian Hanson.
13:33 of 1st period - Stopped by Maxime Ouellet with a rebound.
14:11 of 1st period - Brendan Smith is hit by Brett Skinner and loses puck.
14:35 of 1st period - Off-side.
14:36 of 1st period - Rick Schofield wins face-off versus Cory Emmerton in neutral zone.
14:39 of 1st period - Snap shot by Eric Godard.
14:39 of 1st period - Stopped by Joey MacDonald with a rebound.
15:01 of 1st period - Joe Charlebois is hit by Cameron Gaunce and loses puck.
15:28 of 1st period - Ilkka Heikkinen is hit by Lauri Tukonen and loses puck.
16:27 of 1st period - Snap shot by Andreas Nodl.
16:27 of 1st period - Shot Misses the Net.
16:39 of 1st period - Derek Joslin is hit by Lauri Tukonen and loses puck.
16:48 of 1st period - Slapshot by Brendan Smith.
16:48 of 1st period - Shot Misses the Net.
16:54 of 1st period - Minor Penalty to Dwight King for Slashing.
16:55 of 1st period - Tomas Kurka wins face-off versus Riley Armstrong in Patriotes zone.
16:55 of 1st period - Tomas Kurka is hit by Riley Armstrong.
17:41 of 1st period - Wrist shot by Andreas Nodl.
17:41 of 1st period - Stopped by Maxime Ouellet without a rebound.
17:42 of 1st period - Andrew Gordon wins face-off versus Riley Armstrong in Scraper zone.
17:43 of 1st period - Snap shot by Fedor Fedorov.
17:43 of 1st period - Goal by Fedor Fedorov - Patriotes : 2 - Scraper : 0.
17:44 of 1st period - Riley Armstrong wins face-off versus Tomas Kurka in neutral zone.
18:54 of 1st period - Penalty to Dwight King is over, Dwight King is back on ice.
19:06 of 1st period - Ryan Wilson is hit by Cameron Gaunce and loses puck.
19:11 of 1st period - Wrist shot by Ryan O'Reilly.
19:11 of 1st period - Shot Misses the Net.
Goals for this period are 2 for Patriotes vs 0 for Scraper.
Shots for this period are 15 for Patriotes vs 3 for Scraper.

2nd period


0:01 of 2nd period - Riley Armstrong wins face-off versus Zenon Konopka in neutral zone.
0:06 of 2nd period - Snap shot by Riley Armstrong.
0:06 of 2nd period - Stopped by Joey MacDonald without a rebound.
0:07 of 2nd period - Zenon Konopka wins face-off versus Riley Armstrong in Patriotes zone.
0:14 of 2nd period - Snap shot by Andreas Nodl.
0:14 of 2nd period - Shot Misses the Net.
0:16 of 2nd period - Wrist shot by Tomas Kurka.
0:16 of 2nd period - Shot Misses the Net.
0:18 of 2nd period - Slapshot by Tomas Kurka.
0:18 of 2nd period - Stopped by Maxime Ouellet with a rebound.
0:20 of 2nd period - Wrist shot by Brett Skinner.
0:20 of 2nd period - Stopped by Maxime Ouellet without a rebound.
0:21 of 2nd period - Riley Armstrong wins face-off versus Cory Emmerton in Scraper zone.
1:13 of 2nd period - Snap shot by Liam Reddox.
1:13 of 2nd period - Shot Blocked by Eric Godard.
1:15 of 2nd period - Slapshot by Joe Charlebois.
1:15 of 2nd period - Stopped by Maxime Ouellet without a rebound.
1:16 of 2nd period - Riley Armstrong wins face-off versus Ryan White in Scraper zone.
1:21 of 2nd period - Slapshot by Denis Shvidki.
1:21 of 2nd period - Stopped by Joey MacDonald with a rebound.
1:23 of 2nd period - Wrist shot by Ben Eager.
1:23 of 2nd period - Shot Misses the Net.
1:25 of 2nd period - Wrist shot by Riley Armstrong.
1:25 of 2nd period - Goal by Riley Armstrong - Patriotes : 2 - Scraper : 1.
1:26 of 2nd period - Zenon Konopka wins face-off versus Riley Armstrong in neutral zone.
2:13 of 2nd period - Ilkka Heikkinen is hit by A.J Thelen and loses puck.
2:36 of 2nd period - Slapshot by A.J Thelen.
2:36 of 2nd period - Shot Blocked by Jared Cowen.
2:48 of 2nd period - Minor Penalty to Marcus Foligno for Holding.
2:49 of 2nd period - Eric Godard wins face-off versus Zenon Konopka in Scraper zone.
4:48 of 2nd period - Penalty to Marcus Foligno is over, Marcus Foligno is back on ice.
5:07 of 2nd period - Snap shot by Evander Kane.
5:07 of 2nd period - Shot Blocked by A.J Thelen.
5:19 of 2nd period - Snap shot by Dwight King.
5:19 of 2nd period - Stopped by Maxime Ouellet with a rebound.
5:42 of 2nd period - Off-side.
5:43 of 2nd period - Brayden Schenn wins face-off versus Ryan White in neutral zone.
5:46 of 2nd period - Wrist shot by Evander Kane.
5:46 of 2nd period - Shot Blocked by Ryan Wilson.
5:48 of 2nd period - Slapshot by Evander Kane.
5:48 of 2nd period - Stopped by Joey MacDonald with a rebound.
5:50 of 2nd period - Slapshot by Ilkka Heikkinen.
5:50 of 2nd period - Stopped by Joey MacDonald without a rebound.
5:51 of 2nd period - Ryan White wins face-off versus Riley Armstrong in Patriotes zone.
6:33 of 2nd period - Snap shot by Ryan White.
6:33 of 2nd period - Stopped by Maxime Ouellet with a rebound.
6:43 of 2nd period - Eric Gryba is hit by Ryan Wilson and loses puck.
7:13 of 2nd period - Wrist shot by Valeri Bure.
7:13 of 2nd period - Stopped by Joey MacDonald with a rebound.
7:39 of 2nd period - Snap shot by Andreas Nodl.
7:39 of 2nd period - Shot Misses the Net.
7:41 of 2nd period - Wrist shot by Zenon Konopka.
7:41 of 2nd period - Deflect By Reilly Smith.
7:41 of 2nd period - Shot Misses the Net.
7:41 of 2nd period - Puck is out of play.
7:42 of 2nd period - Riley Armstrong wins face-off versus Cory Emmerton in Scraper zone.
7:53 of 2nd period - Slapshot by Denis Shvidki.
7:53 of 2nd period - Stopped by Joey MacDonald without a rebound.
7:54 of 2nd period - Riley Armstrong wins face-off versus Zenon Konopka in Patriotes zone.
8:01 of 2nd period - Snap shot by Riley Armstrong.
8:01 of 2nd period - Shot Misses the Net.
8:41 of 2nd period - Icing by A.J Thelen.
8:42 of 2nd period - Brayden Schenn wins face-off versus Cory Emmerton in Patriotes zone.
9:03 of 2nd period - Minor Penalty to Andrew Gordon for Holding.
9:04 of 2nd period - Riley Armstrong wins face-off versus Tomas Kurka in Patriotes zone.
9:07 of 2nd period - Wrist shot by Riley Armstrong.
9:07 of 2nd period - Shot Misses the Net.
9:15 of 2nd period - Snap shot by Riley Armstrong.
9:15 of 2nd period - Shot Hit the Post.
9:17 of 2nd period - Snap shot by Derek Joslin.
9:17 of 2nd period - Shot Misses the Net.
9:19 of 2nd period - Backhand shot by Derek Joslin.
9:19 of 2nd period - Shot Blocked by Tomas Kurka.
9:33 of 2nd period - Wrist shot by Daniel Winnik.
9:33 of 2nd period - Deflect By Ryan Wilson.
9:33 of 2nd period - Goal by Daniel Winnik - Patriotes : 2 - Scraper : 2.
9:34 of 2nd period - Zenon Konopka wins face-off versus Riley Armstrong in neutral zone.
10:06 of 2nd period - Wrist shot by Daniel Winnik.
10:06 of 2nd period - Stopped by Joey MacDonald without a rebound.
10:07 of 2nd period - Cory Emmerton wins face-off versus Rick Schofield in Patriotes zone.
10:14 of 2nd period - Snap shot by Cory Emmerton.
10:14 of 2nd period - Shot Misses the Net.
10:16 of 2nd period - Snap shot by Andrew Gordon.
10:16 of 2nd period - Shot Blocked by Eric Gryba.
10:18 of 2nd period - Snap shot by Fedor Fedorov.
10:18 of 2nd period - Deflect By Andrew Gordon.
10:18 of 2nd period - Shot Blocked by Ilkka Heikkinen.
10:18 of 2nd period - Puck is out of play.
10:19 of 2nd period - Riley Armstrong wins face-off versus Andreas Nodl in Scraper zone.
10:19 of 2nd period - Riley Armstrong is hit by Zenon Konopka.
10:22 of 2nd period - Minor Penalty to Riley Armstrong for Hooking.
10:23 of 2nd period - Zenon Konopka wins face-off versus Denis Shvidki in Scraper zone.
10:39 of 2nd period - Slapshot by Eric Godard.
10:39 of 2nd period - Shot Misses the Net.
10:45 of 2nd period - Minor Penalty to Zenon Konopka for Holding.
10:46 of 2nd period - Eric Godard wins face-off versus Tomas Kurka in Patriotes zone.
10:55 of 2nd period - Snap shot by Denis Shvidki.
10:55 of 2nd period - Deflect By Eric Godard.
10:55 of 2nd period - Stopped by Joey MacDonald without a rebound.
10:56 of 2nd period - Denis Shvidki wins face-off versus Tomas Kurka in Patriotes zone.
11:01 of 2nd period - Snap shot by Denis Shvidki.
11:01 of 2nd period - Deflect By Eric Godard.
11:01 of 2nd period - Stopped by Joey MacDonald with a rebound.
11:34 of 2nd period - Wrist shot by Tomas Kurka.
11:34 of 2nd period - Stopped by Maxime Ouellet with a rebound.
11:36 of 2nd period - Wrist shot by Andreas Nodl.
11:36 of 2nd period - Shot Blocked by Eric Godard.
11:38 of 2nd period - Slapshot by A.J Thelen.
11:38 of 2nd period - Stopped by Maxime Ouellet without a rebound.
11:39 of 2nd period - Denis Shvidki wins face-off versus Tomas Kurka in Scraper zone.
11:39 of 2nd period - Denis Shvidki is hit by Tomas Kurka.
11:56 of 2nd period - Minor Penalty to Valeri Bure for Holding.
11:57 of 2nd period - Tomas Kurka wins face-off versus Denis Shvidki in Scraper zone.
12:22 of 2nd period - Penalty to Riley Armstrong is over, Riley Armstrong is back on ice.
12:45 of 2nd period - Penalty to Zenon Konopka is over, Zenon Konopka is back on ice.
13:05 of 2nd period - Brendan Smith is hit by Fedor Fedorov and loses puck.
13:23 of 2nd period - Cory Emmerton is hit by Brendan Smith.
13:27 of 2nd period - Reilly Smith is hit by A.J Thelen and loses puck.
13:56 of 2nd period - Penalty to Valeri Bure is over, Valeri Bure is back on ice.
14:14 of 2nd period - Slapshot by Ilkka Heikkinen.
14:14 of 2nd period - Stopped by Joey MacDonald with a rebound.
14:16 of 2nd period - Backhand shot by Eric Gryba.
14:16 of 2nd period - Deflect By Reilly Smith.
14:16 of 2nd period - Shot Blocked by Ryan White.
14:16 of 2nd period - Puck is out of play.
14:17 of 2nd period - Marcus Foligno wins face-off versus Ryan White in Patriotes zone.
14:22 of 2nd period - Snap shot by Ryan O'Reilly.
14:22 of 2nd period - Stopped by Joey MacDonald with a rebound.
14:24 of 2nd period - Snap shot by Jared Cowen.
14:24 of 2nd period - Deflect By Ryan O'Reilly.
14:24 of 2nd period - Stopped by Joey MacDonald with a rebound.
14:26 of 2nd period - Slapshot by Jared Cowen.
14:26 of 2nd period - Shot Misses the Net.
14:28 of 2nd period - Snap shot by Reilly Smith.
14:28 of 2nd period - Shot Blocked by Liam Reddox.
14:37 of 2nd period - Off-side.
14:38 of 2nd period - Riley Armstrong wins face-off versus Christian Hanson in neutral zone.
15:04 of 2nd period - Denis Shvidki is hit by Tomas Kurka and loses puck.
15:33 of 2nd period - Slapshot by Ilkka Heikkinen.
15:33 of 2nd period - Shot Misses the Net.
15:51 of 2nd period - Slapshot by Ryan Wilson.
15:51 of 2nd period - Deflect By Brendan Smith.
15:51 of 2nd period - Stopped by Maxime Ouellet without a rebound.
15:52 of 2nd period - Zenon Konopka wins face-off versus Rick Schofield in Scraper zone.
16:29 of 2nd period - Backhand shot by Cory Emmerton.
16:29 of 2nd period - Stopped by Maxime Ouellet without a rebound.
16:30 of 2nd period - Christian Hanson wins face-off versus Riley Armstrong in Scraper zone.
16:35 of 2nd period - Wrist shot by Lauri Tukonen.
16:35 of 2nd period - Shot Blocked by Jared Cowen.
17:36 of 2nd period - Minor Penalty to Timothy Kunes for Hooking.
17:37 of 2nd period - Denis Shvidki wins face-off versus Tomas Kurka in Patriotes zone.
17:51 of 2nd period - Minor Penalty to Ben Eager for Hooking.
17:52 of 2nd period - Tomas Kurka wins face-off versus Denis Shvidki in Scraper zone.
17:53 of 2nd period - Snap shot by Andreas Nodl.
17:53 of 2nd period - Stopped by Maxime Ouellet without a rebound.
17:54 of 2nd period - Denis Shvidki wins face-off versus Tomas Kurka in Scraper zone.
18:03 of 2nd period - Snap shot by Denis Shvidki.
18:03 of 2nd period - Stopped by Joey MacDonald with a rebound.
18:37 of 2nd period - Wrist shot by Fedor Fedorov.
18:37 of 2nd period - Shot Misses the Net.
18:39 of 2nd period - Wrist shot by A.J Thelen.
18:39 of 2nd period - Stopped by Maxime Ouellet with a rebound.
19:21 of 2nd period - Wrist shot by Christian Hanson.
19:21 of 2nd period - Stopped by Maxime Ouellet with a rebound.
19:36 of 2nd period - Penalty to Timothy Kunes is over, Timothy Kunes is back on ice.
19:51 of 2nd period - Penalty to Ben Eager is over, Ben Eager is back on ice.
Goals for this period are 0 for Patriotes vs 2 for Scraper.
Shots for this period are 12 for Patriotes vs 15 for Scraper.

3rd period


0:01 of 3rd period - Riley Armstrong wins face-off versus Zenon Konopka in neutral zone.
1:09 of 3rd period - Marcus Foligno is hit by Tomas Kurka and loses puck.
1:14 of 3rd period - Wrist shot by Andreas Nodl.
1:14 of 3rd period - Stopped by Maxime Ouellet without a rebound.
1:15 of 3rd period - Riley Armstrong wins face-off versus Fedor Fedorov in Scraper zone.
1:20 of 3rd period - Snap shot by Riley Armstrong.
1:20 of 3rd period - Stopped by Joey MacDonald without a rebound.
1:21 of 3rd period - Cory Emmerton wins face-off versus Riley Armstrong in Patriotes zone.
1:21 of 3rd period - Cory Emmerton is hit by Riley Armstrong.
1:34 of 3rd period - Wrist shot by Cory Emmerton.
1:34 of 3rd period - Shot Blocked by Cameron Gaunce.
1:36 of 3rd period - Slapshot by A.J Thelen.
1:36 of 3rd period - Shot Misses the Net.
1:54 of 3rd period - Slapshot by Eric Godard.
1:54 of 3rd period - Stopped by Joey MacDonald with a rebound.
2:26 of 3rd period - Ryan O'Reilly is hit by Joe Charlebois and loses puck.
2:33 of 3rd period - Slapshot by Ryan Wilson.
2:33 of 3rd period - Stopped by Maxime Ouellet with a rebound.
2:35 of 3rd period - Snap shot by Cory Emmerton.
2:35 of 3rd period - Shot Misses the Net.
2:45 of 3rd period - Timothy Kunes is hit by Denis Shvidki and loses puck.
2:46 of 3rd period - Timothy Kunes from Patriotes is injured at 2:46 of 3rd period (Fractured Right Foot).
2:47 of 3rd period - Riley Armstrong wins face-off versus Andreas Nodl in Patriotes zone.
2:56 of 3rd period - Snap shot by Riley Armstrong.
2:56 of 3rd period - Stopped by Joey MacDonald with a rebound.
3:10 of 3rd period - Icing by Derek Joslin.
3:11 of 3rd period - Cory Emmerton wins face-off versus Riley Armstrong in Scraper zone.
3:14 of 3rd period - Snap shot by Cory Emmerton.
3:14 of 3rd period - Shot Hit the Post.
3:18 of 3rd period - Snap shot by Fedor Fedorov.
3:18 of 3rd period - Stopped by Maxime Ouellet without a rebound.
3:19 of 3rd period - Rick Schofield wins face-off versus Andrew Gordon in Scraper zone.
3:43 of 3rd period - Off-side.
3:44 of 3rd period - Zenon Konopka wins face-off versus Riley Armstrong in neutral zone.
3:49 of 3rd period - Slapshot by Tomas Kurka.
3:49 of 3rd period - Deflect By Zenon Konopka.
3:49 of 3rd period - Stopped by Maxime Ouellet without a rebound.
3:50 of 3rd period - Zenon Konopka wins face-off versus Riley Armstrong in Scraper zone.
3:59 of 3rd period - Wrist shot by Andreas Nodl.
3:59 of 3rd period - Deflect By Tomas Kurka.
3:59 of 3rd period - Stopped by Maxime Ouellet with a rebound.
4:33 of 3rd period - Minor Penalty to Andrew Gordon for Goalie Interference.
4:34 of 3rd period - Tomas Kurka wins face-off versus Riley Armstrong in Patriotes zone.
6:33 of 3rd period - Penalty to Andrew Gordon is over, Andrew Gordon is back on ice.
6:50 of 3rd period - Snap shot by Reilly Smith.
6:50 of 3rd period - Shot Misses the Net.
6:52 of 3rd period - Snap shot by Ryan O'Reilly.
6:52 of 3rd period - Stopped by Joey MacDonald without a rebound.
6:53 of 3rd period - Christian Hanson wins face-off versus Ryan O'Reilly in Patriotes zone.
6:53 of 3rd period - Christian Hanson is hit by Ryan O'Reilly.
7:08 of 3rd period - Minor Penalty to Cameron Gaunce for Hooking.
7:09 of 3rd period - Cory Emmerton wins face-off versus Denis Shvidki in Scraper zone.
7:48 of 3rd period - Valeri Bure is hit by A.J Thelen and loses puck.
8:41 of 3rd period - Fedor Fedorov is hit by Derek Joslin and loses puck.
9:08 of 3rd period - Penalty to Cameron Gaunce is over, Cameron Gaunce is back on ice.
10:20 of 3rd period - Minor Penalty to Rick Schofield for Slashing.
10:21 of 3rd period - Zenon Konopka wins face-off versus Denis Shvidki in Scraper zone.
10:28 of 3rd period - Snap shot by Andreas Nodl.
10:28 of 3rd period - Stopped by Maxime Ouellet with a rebound.
10:30 of 3rd period - Slapshot by Joe Charlebois.
10:30 of 3rd period - Stopped by Maxime Ouellet without a rebound.
10:31 of 3rd period - Denis Shvidki wins face-off versus Zenon Konopka in Scraper zone.
10:50 of 3rd period - Slapshot by Tomas Kurka.
10:50 of 3rd period - Stopped by Maxime Ouellet with a rebound.
10:52 of 3rd period - Slapshot by Joe Charlebois.
10:52 of 3rd period - Deflect By Andreas Nodl.
10:52 of 3rd period - Stopped by Maxime Ouellet without a rebound.
10:53 of 3rd period - Cory Emmerton wins face-off versus Denis Shvidki in Scraper zone.
10:56 of 3rd period - Wrist shot by Andrew Gordon.
10:56 of 3rd period - Shot Blocked by Derek Joslin.
10:58 of 3rd period - Wrist shot by Fedor Fedorov.
10:58 of 3rd period - Shot Misses the Net.
12:20 of 3rd period - Penalty to Rick Schofield is over, Rick Schofield is back on ice.
12:32 of 3rd period - Jared Cowen is hit by Brett Skinner and loses puck.
12:39 of 3rd period - Snap shot by Lauri Tukonen.
12:39 of 3rd period - Stopped by Maxime Ouellet without a rebound.
12:40 of 3rd period - Riley Armstrong wins face-off versus Ryan White in Scraper zone.
12:42 of 3rd period - Penalty Shot by Denis Shvidki for Scraper.
12:42 of 3rd period - Wrist shot by Denis Shvidki.
12:42 of 3rd period - Stopped by Joey MacDonald.
12:43 of 3rd period - Zenon Konopka wins face-off versus Riley Armstrong in Scraper zone.
13:51 of 3rd period - Snap shot by Reilly Smith.
13:51 of 3rd period - Stopped by Joey MacDonald without a rebound.
13:52 of 3rd period - Andreas Nodl wins face-off versus Reilly Smith in Patriotes zone.
14:03 of 3rd period - Wrist shot by Zenon Konopka.
14:03 of 3rd period - Goal by Zenon Konopka - Patriotes : 3 - Scraper : 2.
14:04 of 3rd period - Zenon Konopka wins face-off versus Ben Eager in neutral zone.
14:29 of 3rd period - Rick Schofield is hit by Andrew Gordon and loses puck.
15:05 of 3rd period - Minor Penalty to Valeri Bure for Interference.
15:06 of 3rd period - Denis Shvidki wins face-off versus Zenon Konopka in Scraper zone.
15:31 of 3rd period - Denis Shvidki is hit by Ryan Wilson and loses puck.
15:45 of 3rd period - Minor Penalty to Denis Shvidki for Tripping.
15:46 of 3rd period - Reilly Smith wins face-off versus Zenon Konopka in Scraper zone.
15:56 of 3rd period - Slapshot by Tomas Kurka.
15:56 of 3rd period - Shot Blocked by Brendan Smith.
17:05 of 3rd period - Penalty to Valeri Bure is over, Valeri Bure is back on ice.
17:25 of 3rd period - Brett Skinner is hit by Derek Joslin and loses puck.
17:45 of 3rd period - Penalty to Denis Shvidki is over, Denis Shvidki is back on ice.
18:17 of 3rd period - Minor Penalty to Ben Eager for Tripping.
18:18 of 3rd period - Denis Shvidki wins face-off versus Zenon Konopka in Scraper zone.
18:26 of 3rd period - Slapshot by Ryan Wilson.
18:26 of 3rd period - Stopped by Maxime Ouellet without a rebound.
18:27 of 3rd period - Riley Armstrong wins face-off versus Zenon Konopka in Scraper zone.
18:27 of 3rd period - Riley Armstrong is hit by Zenon Konopka.
18:57 of 3rd period - Snap shot by Zenon Konopka.
18:57 of 3rd period - Shot Misses the Net.
18:59 of 3rd period - Snap shot by Andreas Nodl.
18:59 of 3rd period - Shot Misses the Net.
19:01 of 3rd period - Snap shot by Ryan Wilson.
19:01 of 3rd period - Shot Hit the Post.
19:03 of 3rd period - Slapshot by Ryan Wilson.
19:03 of 3rd period - Goal by Ryan Wilson - Patriotes : 4 - Scraper : 2.
19:04 of 3rd period - Christian Hanson wins face-off versus Brayden Schenn in neutral zone.
19:04 of 3rd period - Christian Hanson is hit by Brayden Schenn.
19:32 of 3rd period - Wrist shot by Eric Godard.
19:32 of 3rd period - Shot Blocked by A.J Thelen.
19:34 of 3rd period - Minor Penalty to Lauri Tukonen for Interference.
19:35 of 3rd period - Riley Armstrong wins face-off versus Tomas Kurka in Patriotes zone.
Goals for this period are 2 for Patriotes vs 0 for Scraper.
Shots for this period are 13 for Patriotes vs 5 for Scraper.


Output by the SimonT Hockey Simulator (STHS) for François Prévost -- Original Page W3C XHTML 1.0 Valid
Hockey Simulator - Hockey Simulation - Hockey Manager